 Dungeon Crawl Stone Soup version 0.21-a0-509-gecc5317402 (webtiles) character file.

92 Kaname the Conjurer (level 4, 20/30 HPs)
             Began as a Demonspawn Wizard on Nov 29, 2017.
             Quit the game on level 3 of the Dungeon.
             The game lasted 00:06:37 (2332 turns).

Kaname the Conjurer (Demonspawn Wizard)             Turns: 2332, Time: 00:06:38

Health: 20/30      AC:  3    Str:  7    XL:     4   Next: 35%
Magic:  0/8        EV: 14    Int: 20    God:
Gold:   87         SH:  0    Dex: 12    Spells: 3/9 levels left

rFire    . . .     SeeInvis +   s - +2 war axe (vamp)
rCold    . . .     Gourm    .   (no shield)
rNeg     . . .     Faith    .   a - +0 robe
rPois    .         Spirit   .   b - +0 hat
rElec    .         Reflect  .   (no cloak)
rCorr    .         Harm     .   (no gloves)
MR       .....                  p - +0 pair of boots
Stlth    ++........             (no amulet)
HPRegen  0.10/turn              e - ring of see invisible
MPRegen  0.11/turn              (no ring)

@: no status effects
A: horns 1, repulsion field 1, demonic guardian 1
a: no special abilities


You were on level 3 of the Dungeon.
You were not hungry.

You visited 1 branch of the dungeon, and saw 3 of its levels.

You collected 87 gold pieces.

Inventory:

Hand Weapons
 i - a +0 short sword
 s - a +2 vampiric war axe (weapon)
Armour
 a - a +0 robe (worn)
 b - a +0 hat (worn)
 p - a +0 pair of boots (worn)
Jewellery
 e - a ring of see invisible (left hand)
Scrolls
 k - 3 scrolls of teleportation {unknown}
 m - 3 scrolls of remove curse {unknown}
 n - 2 scrolls of amnesia {unknown}
 o - a scroll of enchant weapon {unknown}
Potions
 f - a potion of brilliance {unknown}
 g - a potion of degeneration {unknown}
 h - a potion of heal wounds {unknown}
 j - a potion of flight {unknown}
 l - a potion of haste {unknown}
 r - a potion of lignification {unknown}
Books
 c - a book of Minor Magic

   Spells                             Type                      Level
   a - Magic Dart                     Conjuration                  1
   b - Blink                          Translocation                2
   c - Call Imp                       Summoning                    2
   d - Slow                           Hexes                        2
   e - Conjure Flame                  Conjuration/Fire             3
   f - Mephitic Cloud                 Conjuration/Poison/Air       3
Comestibles
 d - a bread ration
 q - 6 chunks of flesh


   Skills:
 - Level 1.7 Dodging
 - Level 1.7 Stealth
 - Level 3.0 Spellcasting
 + Level 3.7 Conjurations
   Level 1.0 Summonings
 - Level 1.0 Translocations
 - Level 1.0 Air Magic
 - Level 1.0 Poison Magic


You had 3 spell levels left.
You knew the following spells:

 Your Spells              Type           Power        Failure   Level  Hunger
a - Magic Dart            Conj           ###.         3%          1    None
b - Blink                 Tloc           N/A          14%         2    ##.....
c - Mephitic Cloud        Conj/Pois/Air  ##......     19%         3    ###....


Dungeon Overview and Level Annotations

Branches:
Dungeon (3/15)

Altars:
Nemelex Xobeh


Innate Abilities, Weirdness & Mutations

You have a pair of small horns on your head.
You are surrounded by a mild repulsion field. (EV +2)
A weak demonic guardian rushes to your aid.


Message History

You don't know that spell.
Your shadow imp hits the orc but does no damage.
Your shadow imp hits the orc but does no damage.
The orc closely misses your shadow imp. The orc wizard casts a spell at you.
The magic dart hits your shadow imp.
Your shadow imp barely misses the orc.
Casting: Magic Dart
Confirm with . or Enter, or press ? or * to list all spells.
Aiming: Magic Dart
Press: ? - help, Shift-Dir - straight line, f/p - orc wizard
Aim: an orc wizard, wielding a dagger and wearing a robe (severely wounded, slightly transparent)
Your demonic guardian avoids your attack.
The magic dart hits the orc wizard.
You kill the orc wizard!
You have reached level 4!
You feel agile.
Your demonic ancestry asserts itself...
You begin to radiate repulsive energy.
The orc hits your shadow imp but does no damage.
Your shadow imp hits the orc but does no damage.
Are you sure you want to abandon this character and quit the game? (Confirm with "yes".)

#########.#.
..........#.#+######
###########........#
....#######........#
...................# o.
....########......o##.ow.
..................o)'..>.
..#.##.#####.####5#
..#.............@.#
..#..#.#####...####
.....#.# #...# #.##...#
#...# #.###..# #.### ..
#..# #.# #..# #.#
##.#####.#####
#..#........#


You could see 2 orcs and a friendly shadow imp.

Vanquished Creatures
  An orc wizard (D:3)
  An adder (D:2)
  An ooze (D:1)
  A worm (D:3)
  2 dart slugs
  2 leopard geckos (D:2)
  2 orcs (D:3)
  2 bats (D:1)
  7 hobgoblins
  8 jackals
  A frilled lizard (D:1)
  2 goblins
  7 kobolds
  4 rats
41 creatures vanquished.

Notes
Turn   | Place    | Note
-------+----------+-------------------------------------------
     0 | D:1      | Kaname the Demonspawn Wizard began the quest for the Orb.
     0 | D:1      | Reached XP level 1. HP: 13/13 MP: 4/4
   354 | D:1      | Gained mutation: You have a pair of small horns on your head. [demonic ancestry]
   354 | D:1      | Reached XP level 2. HP: 14/19 MP: 3/6
   358 | D:1      | Learned a level 2 spell: Blink
   832 | D:2      | Found a faded altar of an unknown god.
  1042 | D:2      | Gained mutation: A weak demonic guardian rushes to your aid. [demonic ancestry]
  1042 | D:2      | Reached XP level 3. HP: 20/24 MP: 4/7
  1047 | D:2      | Learned a level 3 spell: Mephitic Cloud
  1131 | D:2      | Reached skill level 1 in Translocations
  1243 | D:2      | Reached skill level 1 in Air Magic
  1592 | D:2      | Found a sparkling altar of Nemelex Xobeh.
  2181 | D:3      | Reached skill level 1 in Poison Magic
  2331 | D:3      | Gained mutation: You are surrounded by a mild repulsion field. (EV +2) [demonic ancestry]
  2331 | D:3      | Reached XP level 4. HP: 19/30 MP: 0/8
  2332 | D:3      | Quit the game

Vault maps used:
D:1:      dpeg_arrival_renting, hangedman_decor_peaks_small, st_stairs_12,
          hex_large
D:2:      chequers_ecumenical_altar_simple, nemelex_diamond_rough_becter
D:3:      first_bread

Skill      XL: |  1  2  3 |
---------------+----------+-----
Conjurations   | 2 3 |  3.7
Translocations | 1 |  1.0
Air Magic      | 1 |  1.0
Poison Magic   | 1 |  1.0
Dodging        | |  1.7
Stealth        | |  1.7
Spellcasting   | |  3.0
Summonings     | |  1.0

Action                   |  1- 3 |  4- 6 || total
-------------------------+-------+-------++-------
Melee: Unarmed           |    10 |       ||    10
       Short sword       |    53 |       ||    53
       Headbutt          |     6 |       ||     6
       War axe           |     4 |       ||     4
 Cast: Magic Dart        |    98 |     1 ||    99
  Use: Scroll            |     2 |       ||     2
 Stab: Sleeping          |     3 |       ||     3
  Eat: Chunk             |     3 |       ||     3
       Fruit             |     2 |       ||     2
       Bread ration      |     1 |       ||     1
Armor: Robe              |    10 |       ||    10
Dodge: Dodged            |    49 |       ||    49

Table legend:
 A = Spawn XP
 B = Non-spawn XP
 C = Spawn XP percentage of total XP
 D = Spawn monster count
 E = Non-spawn monster count
 F = Spawn count percentage of total count
 G = Total turns spent on level
                    A         B        C        D         E        F      G
               +---------+---------+-------+---------+---------+-------+---------
         Total |       0 |     132 |   0.0 |       0 |      41 |   0.0 |  2332
               +---------+---------+-------+---------+---------+-------+---------
           D:1 |       0 |      31 |   0.0 |       0 |      15 |   0.0 |   817
           D:2 |       0 |      45 |   0.0 |       0 |      17 |   0.0 |  1353
           D:3 |       0 |      56 |   0.0 |       0 |       9 |   0.0 |   162
               +---------+---------+-------+---------+---------+-------+---------
